 Dungeon Crawl Stone Soup version 0.30.0-19-g36f170ea60 (webtiles) character file.

Game seed: 10239077011149512184

1565 MacCMillion the Scholar of Death (level 8, -28/64 HPs)
             Began as a Mummy Necromancer on May 30, 2023.
             Was a Follower of Kikubaaqudgha.
             Killed from afar by a steam dragon (40 damage)
             ... with a ball of steam
             ... on level 6 of the Dungeon.
             The game lasted 00:25:51 (9158 turns).

MacCMillion the Scholar of Death (MuNe)             Turns: 9158, Time: 00:25:52

Health: -28/64     AC:  3    Str: 12    XL:     8   Next: 59%
Magic:  11/15      EV: 12    Int: 16    God:    Kikubaaqudgha [*.....]
Gold:   245        SH:  0    Dex: 12    Spells: 9/17 levels left

rFire   x . .        e - +0 demon trident (vamp)
rCold   + . .        (no shield)
rNeg    + + +        a - +0 robe
rPois   ∞            g - +0 helmet
rElec   .            (no cloak)
rCorr   .            (no gloves)
SInv    .            (no boots)
Will    +....        (no amulet)
Stlth   ++           (no ring)
HPRegen 0.30/turn    (no ring)
MPRegen 0.14/turn

%: faith
@: animating dead
A: cold resistance 1, negative energy resistance 3, torment resistance 2, heat
vulnerability 1, in touch with death 1, no potions, faith
a: Renounce Religion, Unearth Wretches


You were on level 6 of the Dungeon.
You worshipped Kikubaaqudgha.
Kikubaaqudgha was aware of your devotion.
You visited 2 branches of the dungeon, and saw 7 of its levels.

You collected 245 gold pieces.

Inventory:

Hand Weapons
 c - a +0 short sword
 e - a +0 vampiric demon trident (weapon)
Missiles
 i - a throwing net
Armour
 a - a +0 robe (worn)
 g - a +0 helmet (worn)
Jewellery
 d - a ring of magical power
 n - a ring of flight
Scrolls
 b - a scroll of acquirement {unknown}
 f - 2 scrolls of amnesia
 h - a scroll of blinking
 j - a scroll of immolation {unknown}
 k - a scroll of magic mapping
 l - a scroll of enchant armour {unknown}
 m - a scroll of teleportation
 o - a scroll of silence {unknown}


   Skills:
 - Level 6.0 Fighting
 + Level 4.0 Polearms
 - Level 1.5 Dodging
 - Level 1.5 Stealth
 - Level 5.0 Spellcasting
 - Level 7.6 Necromancy


You had 9 spell levels left.
You knew the following spells:

 Your Spells              Type           Power      Damage    Failure   Level
a - Necrotise             Necr           100%       1d9       1%          1
b - Vampiric Draining     Necr           42%        2d9       1%          3
c - Animate Dead          Necr           42%        N/A       7%          4

Your spell library contained the following spells:

 Spells                   Type           Power      Damage    Failure   Level
 Kiss of Death            Conj/Necr      96%        2d12      3%          1
 Freeze                   Ice            16%        1d4       16%         1
 Sandblast                Erth           8%         2d5       16%         1
 Agony                    Necr           42%        N/A       19%         5
 Lesser Beckoning         Tloc           8%         N/A       22%         2
 Passwall                 Tmut/Erth      3%         N/A       22%         2
 Call Canine Familiar     Summ           4%         N/A       41%         3
 Frozen Ramparts          Ice            8%         1d2       41%         3
 Gell's Gravitas          Tloc           4%         N/A       41%         3
 Hailstorm                Conj/Ice       4%         3d4       41%         3
 Portal Projectile        Hex/Tloc       8%         N/A       41%         3
 Stone Arrow              Conj/Erth      8%         3d7       41%         3
 Teleport Other           Tloc           4%         N/A       41%         3
 Leda's Liquefaction      Hex/Erth       2%         N/A       83%         4


Dungeon Overview and Level Annotations

Branches:
Dungeon (6/15)             Temple (1/1) D:4

Altars:
Ashenzari
Cheibriados
Gozag
Hepliaklqana
Kikubaaqudgha
Makhleb
Okawaru
Qazlal
Ru
Sif Muna
Trog
Uskayaw
Vehumet
Xom
Yredelemnul

Annotations:
D:3 2 transporters
D:5 2 transporters, Edmund; Gravitas's ghost, amateur GrFE


Innate Abilities, Weirdness & Mutations

You are immune to poison.
Your flesh is cold resistant. (rC+)
You are immune to negative energy. (rN+++)
You are immune to unholy pain and torment.
You are vulnerable to heat. (rF-)
You are in touch with the powers of death.
You do not drink.
You have a special connection with the divine. (Faith)


Message History

There is a stone staircase leading up here.
You see here a +0 flail.
You see here a +0 chain mail.
Found a stone staircase leading up.
A steam dragon is nearby!
You feel a surge of power!
The steam dragon hisses angrily.
The steam dragon writhes in agony.
Casting: Necrotise (safe; 1% risk of failure)
Confirm with . or Enter, or press ? or * to list all spells.
You feel a surge of power!
You call upon the dead to rise.
The steam dragon breathes steam at you. The ball of steam hits you!!
The steam scalds you terribly!
You hit the steam dragon.
You feel better.
The steam dragon is lightly wounded.
The steam dragon bites you! The steam dragon claws you.
You hit the steam dragon.
You feel better.
The steam dragon is lightly wounded.
The steam dragon bites you! The steam dragon claws you.
You puncture the steam dragon!
You feel better.
The steam dragon is heavily wounded.
The steam dragon bites you! The steam dragon closely misses you.
You closely miss the steam dragon.
The steam dragon is heavily wounded.
The phantom closely misses you. The steam dragon bites you!
* * * LOW HITPOINT WARNING * * *
The steam dragon claws you.
* * * LOW HITPOINT WARNING * * *
You hit the steam dragon but do no damage.
The steam dragon is heavily wounded.
The phantom barely misses you. The steam dragon barely misses you.
The steam dragon closely misses you.
You closely miss the steam dragon.
The steam dragon is heavily wounded.
The phantom barely misses you. The steam dragon breathes steam at you.
The ball of steam hits you!!! The steam scalds you terribly!
Ouch! That really hurt!
You die...
Kikubaaqudgha rasps: "You have failed me!
Welcome... oblivion!"

..................##...........##
..........?###.Y..D..<......#####
...........# ##..............###.
...........# #..####...#.....#...
...........###..###...###.#....##
........#..#....##....###........
................###..........###.
....... ..##.WD.....#>......##.
.#..... .. ###@#§§.....###.....
.#..... #..###...###...... ..
.... #...####[.###.[.... .. ....
<....#.##.).#..##... ... ... #.
#.#..........#...#..# ..
#..####....)..........## ..
##..###.......#......###
.............#.###..# .......
#...........#.....###


You could see a steam dragon (catching breath), an ice beast and a phantom.

Vanquished Creatures
  Grinder (D:5)
  Duvessa (D:4)
  A black bear (D:5)
  A sky beast (D:6)
  2 ogres
  A phantom (D:5)
  5 wights
  Dowan (D:4)
  A hound (D:5)
  3 orc priests
  3 iguanas
  4 sleepcaps
  An orc wizard (D:6)
  10 adders
  A shadow imp (D:5)
  2 worms
  3 dart slugs
  23 orcs
  8 bats
  9 endoplasms
  3 giant cockroaches
  11 goblins
  3 hobgoblins
  11 jackals
  5 kobolds
  2 quokkas
  6 ball pythons
  6 frilled lizards
  10 rats
138 creatures vanquished.

Vanquished Creatures (collateral kills)
  A worm (D:3)
  An orc (D:4)
  A goblin (D:2)
  A bat (D:2)
  A frilled lizard (D:1)
5 creatures vanquished.

Vanquished Creatures (others)
  An adder (D:6)
  An iguana zombie (D:6)
  6 orc zombies (D:6)
  2 adder zombies (D:6)
10 creatures vanquished.

Grand Total: 153 creatures vanquished

Notes
Turn   | Place    | Note
-------+----------+-------------------------------------------
     0 | D:1      | MacCMillion the Mummy Necromancer began the quest for the
                  | Orb.
     0 | D:1      | Reached XP level 1. HP: 13/13 MP: 4/4
   130 | D:1      | Reached XP level 2. HP: 18/19 MP: 0/6
   939 | D:1      | Gained mutation: You are in touch with the powers of death.
                  | [Mummy growth]
   939 | D:1      | Reached XP level 3. HP: 24/24 MP: 8/8
  1496 | D:2      | Found an opulent altar of Gozag.
  2187 | D:2      | Reached XP level 4. HP: 27/30 MP: 6/10
  2483 | D:3      | Reached skill level 5 in Necromancy
  2587 | D:3      | Found a transporter.
  2606 | D:3      | Found a transporter.
  3585 | D:4      | Identified the +5 dagger "Asoakizula" {venom, rC+ Dex+3}
  3687 | D:4      | Reached XP level 5. HP: 35/35 MP: 6/12
  3866 | D:4      | Noticed Duvessa
  3866 | D:4      | Noticed Dowan
  3887 | D:4      | Killed Duvessa
  3888 | D:4      | Reached skill level 5 in Spellcasting
  3888 | D:4      | Reached skill level 6 in Necromancy
  4005 | D:4      | Killed Dowan
  4006 | D:4      | Reached XP level 6. HP: 8/41 MP: 10/13
  4134 | D:4      | Learned a level 3 spell: Vampiric Draining
  4139 | D:4      | Learned a level 4 spell: Animate Dead
  4227 | D:4      | Found a staircase to the Ecumenical Temple.
  4236 | Temple   | Entered the Ecumenical Temple
  4452 | Temple   | Became a worshipper of Kikubaaqudgha
  5094 | D:5      | Entered Level 5 of the Dungeon
  5436 | D:5      | Reached skill level 1 in Fighting
  5548 | D:5      | Found a transporter.
  5549 | D:5      | Noticed Edmund
  5675 | D:5      | Found a transporter.
  5693 | D:5      | Noticed Gravitas's ghost (amateur GrFE)
  5769 | D:5      | Reached skill level 7 in Necromancy
  5942 | D:5      | Noticed Grinder
  5968 | D:5      | Killed Grinder
  5969 | D:5      | Reached XP level 7. HP: 28/52 MP: 14/14
  6810 | D:4      | Reached skill level 1 in Polearms
  7112 | D:5      | Found a radiant altar of Vehumet.
  7162 | D:5      | Found a snail-covered altar of Cheibriados.
  7162 | D:5      | Found a hide-covered altar of Uskayaw.
  7162 | D:5      | Found an opulent altar of Gozag.
  7163 | D:5      | Found a bloodstained altar of Trog.
  7283 | D:5      | Reached XP level 8. HP: 60/61 MP: 11/15
  7814 | D:6      | Reached * piety under Kikubaaqudgha
  7814 | D:6      | Received a gift from Kikubaaqudgha
  7815 | D:6      | Reached skill level 5 in Fighting
  8439 | D:6      | Identified the +1 chain mail of Courage {rC+}
  9158 | D:6      | Killed from afar by a steam dragon

Illustrated notes

Levels and vault maps discovered:
D:1:      minmay_arrival_diagonal_passages, layout_rooms,
          dreamdust_mushroom_princess, minmay_misc_feat_roman, st_stairs_2,
          chequers_arboretum
D:2:      layout_basic, basic_altar
D:3:      gammafunk_steamed_eel, layout_basic
D:4:      kennysheep_the_goblin_king, layout_basic,
          minmay_temple_entry_poolview, dk_noncrumbling_2,
          mrwooster_statue_mirror, amcnicky_mini_pool_small, uniq_duvessa
D:5:      layout_rooms, chequers_temple_overflow_statue_of_worship,
          nicolae_tso_swordbearing_angel, nicolae_overflow_squiral,
          gammafunk_ghost_stat_death, uniq_edmund, uniq_grinder
D:6:      layout_cave_pools, grunt_ministairs_12
Temple:   nicolae_temple_bog_church

Skill      XL: |  1  2  3  4  5  6  7  8 |
---------------+-------------------------+-----
Spellcasting   | 3 4 5 |  5.0
Necromancy     | 5 6 7 |  7.6
Fighting       | 3 4 6 |  6.0
Polearms       | 2 4 |  4.0
Dodging        | |  1.5
Stealth        | |  1.5

Action                     |  1- 3 |  4- 6 |  7- 9 || total
---------------------------+-------+-------+-------++-------
  Melee: Short sword       |     4 |       |       ||     4
         Unarmed           |     3 |       |       ||     3
         Demon trident     |    19 |    79 |   170 ||   268
         Punch             |       |       |     3 ||     3
   Cast: Necrotise         |    64 |    61 |    35 ||   160
         Vampiric Draining |       |     2 |    12 ||    14
         Animate Dead      |       |       |     8 ||     8
    Use: Scroll            |       |     6 |     2 ||     8
   Stab: Sleeping          |     3 |     1 |       ||     4
 Armour: Robe              |    13 |    13 |    36 ||    62
  Dodge: Dodged            |    56 |    52 |   130 ||   238
